Map: Year Zero LE

Players

Bitmonx

  • Race: Terran Terran
  • League: Bronze
  • Spawn Location: 1:00

Mistaro - Winner!

  • Race: Protoss Protoss
  • Spawn Location: 11:00

VOD

Have the link to the VOD?

Description

Time

  • Played on: April 5, 2019, 1:17 p.m.
  • Length: 9:21
Show
View Real Time Build Order
Export as new Build Order

Bitmonx Terran 

Build Orders:  

Get SALT Encoding   

  12  0:12  SCV  
  13  0:20  Refinery  
  13  0:24  SCV  
  14  0:33  Refinery  
  14  0:36  SCV  
  15  0:56  Supply Depot  
  15  1:17  SCV  
  16  1:19  Supply Depot  
  16  1:26  Barracks  
  16  2:00  Barracks  
  16  2:04  SCV  
  17  2:17  SCV  
  17  2:22  Factory  
  18  2:23  Barracks Tech Lab  
  18  2:37  Barracks  
  18  2:51  Supply Depot  
  18  2:53  SCV  
  18  2:57  Marine  
  20  3:05  SCV  
  20  3:06  Barracks Reactor  
  21  3:15  Marauder  
  21  3:17  SCV  
  24  3:30  SCV  
  25  3:37  Marauder  
  27  3:42  SCV, Marine  
  29  3:54  SCV  
  30  3:58  Marauder  
  30  4:00  Marine  
  33  4:05  Starport  
  33  4:12  Hellion  
  35  4:17  Marine  
  35  4:19  Marauder  
  38  4:35  Marine  
  39  4:44  Supply Depot  
  39  5:01  Starport Tech Lab  
  39  5:05  Marine  
  39  5:06  Hellion  
  42  5:07  Fusion Core  
  42  5:08  Supply Depot  
  42  5:18  Starport  
  42  5:19  Starport  
  42  5:27  Marauder  
  44  5:30  Marine x2  
  44  5:31  Supply Depot  
  46  5:55  Command Center  
  46  6:00  Starport Reactor  
  46  6:15  Marine  
  47  6:33  Marine  
  48  6:51  Marine  
  49  7:09  Marine  
  49  7:13  Battlecruiser  
  56  7:16  Starport Tech Lab  
  56  7:26  Marine  
  38  7:38  Marauder  
  40  7:44  Marine  
  40  7:46  Marine x2  
  42  7:59  Marauder  
  42  8:02  Marine  
  42  8:03  Marine  
  42  8:04  Marine  
  40  8:21  Marauder, Marine x2  
  44  8:42  Marauder  
Show
View Real Time Build Order
Export as new Build Order

Mistaro Protoss - Winner!

Build Orders: Blink Stalkers 

Get SALT Encoding   

  12  0:01  Probe  
  13  0:13  Probe  
  14  0:20  Pylon  
  14  0:27  Probe  
  15  0:39  Probe  
  15  0:42  Gateway  
  16  0:55  Probe, Assimilator  
  17  1:03  Probe  
  17  1:11  Probe, Assimilator  
  19  1:24  Gateway  
  19  1:30  Probe  
  19  1:32  Cybernetics Core  
  19  1:39  Probe  
  20  1:46  Pylon  
  21  1:48  Probe  
  22  2:00  Probe  
  23  2:03  Pylon  
  23  2:04  Pylon  
  23  2:11  Warp Gate  
  23  2:13  Stalker, Sentry  
  27  2:48  Nexus  
  27  2:51  Pylon  
  27  3:00  Probe  
  28  3:10  Twilight Council  
  28  3:13  Probe  
  28  3:19  Pylon  
  29  3:23  Stalker  
  29  3:25  Probe  
  32  3:28  Blink  
  32  4:03  Probe  
  32  4:04  Probe  
  32  4:05  Robotics Facility  
  34  4:13  Stalker  
  34  4:16  Probe x2  
  38  4:28  Probe x2  
  40  4:38  Adept x2  
  42  4:40  Probe x2  
  46  4:52  Probe x2  
  48  5:03  Stalker  
  48  5:04  Probe  
  48  5:05  Gateway  
  48  5:06  Stalker, Gateway  
  53  5:07  Gateway  
  53  5:14  Probe  
  53  5:16  Gateway  
  53  5:18  Probe  
  55  5:23  Probe  
  56  5:28  Stalker  
  56  5:30  Probe  
  59  5:44  Forge  
  59  5:48  Pylon  
  59  5:50  Pylon  
  59  5:52  Pylon  
  59  5:53  Observer  
  59  5:54  Forge  
  59  5:55  Stalker x2  
  64  6:18  Assimilator  
  64  6:21  Assimilator  
  64  6:40  Stalker  
  64  6:41  Stalker x2  
  64  6:42  Stalker x3  
  76  7:04  Pylon  
  76  7:08  Stalker x3  
  80  7:09  Stalker x2  
  80  7:10  Stalker  
  84  7:27  Protoss Ground Weapons Level 1  
  76  7:32  Gateway  
  76  7:33  Stalker  
  76  7:48  Stalker x2  
  80  8:01  Stalker  
  82  8:21  Stalker  
  82  8:22  Stalker x2  
  86  8:48  Stalker x2  
  86  9:02  Probe x2  
Tags
 
Composition
Blink Stalkers
League
Bronze
Matchup
PvT
Spawn Locations
Close Positions
Add a new tag
Caveats
  • Supply blocks, unpowered buildings, or Contaminate may cause inaccurate times.
  • Supply counts are checked every 10 seconds.